 Dungeon Crawl Stone Soup version 0.21-a0-110-g8e1637b (webtiles) character file.

513 Gorice the Insei (level 7, -2/46 HPs)
             Began as a Demonspawn Summoner on July 8, 2017.
             Was an Initiate of Okawaru.
             Slain by a hound (3 damage)
             ... on level 4 of the Dungeon.
             The game lasted 00:27:54 (6668 turns).

Gorice the Insei (Demonspawn Summoner)              Turns: 6668, Time: 00:27:55

Health: -2/46      AC:  5    Str: 10    XL:     7   Next: 0%
Magic:  10/10      EV: 10    Int: 16    God:    Okawaru [......]
Gold:   170        SH:  0    Dex: 14    Spells: 9/10 levels left

rFire    . . .     SeeInvis +     - Unarmed
rCold    . . .     Gourm    .   (no shield)
rNeg     . . .     Faith    .   e - +0 ring mail
rPois    .         Spirit   .   (no helmet)
rElec    .         Reflect  .   (no cloak)
rCorr    .         Harm     .   (no gloves)
MR       .....                  (no boots)
Stlth    +.........             (no amulet)
HPRegen  0.15/turn              i - ring of see invisible
MPRegen  0.12/turn              (no ring)

@: no status effects
A: claws 2, rot immunity
a: Renounce Religion


You were on level 4 of the Dungeon.
You worshipped Okawaru.
Okawaru was noncommittal.
You were not hungry.

You visited 2 branches of the dungeon, and saw 5 of its levels.

You collected 170 gold pieces.

Inventory:

Hand Weapons
 b - a +1 hunting sling
 k - a +2 dagger of venom
   (You took it off a goblin on level 1 of the Dungeon)
Missiles
 g - 77 sling bullets
 n - 9 curare-tipped needles
 t - 3 tomahawks (quivered)
 Z - 84 stones
Armour
 a - a +0 robe
 e - a +0 ring mail (worn)
 j - a +0 plate armour
 p - a scarf of spirit shield
   (You found it on level 2 of the Dungeon)
 r - a +0 chain mail
Jewellery
 i - a ring of see invisible (left claw)
Wands
 u - a wand of iceblast (0/15)
Scrolls
 h - 4 scrolls of teleportation {!r}
 w - a scroll of identify
Potions
 l - a potion of flight
 o - 2 potions of lignification {!q}
 q - a potion of heal wounds {!q}
 v - a potion of curing
Books
 s - a book of Callings
Comestibles
 c - 5 bread rations {!e}
 d - 4 meat rations {!e}
 f - a chunk of flesh
 m - a royal jelly


   Skills:
 - Level 1.0 Short Blades
 + Level 1.8 Armour
 - Level 1.7 Dodging
 - Level 1.9 Stealth
 * Level 5.8 Unarmed Combat
 - Level 2.0 Spellcasting
 - Level 4.3 Summonings


You had 9 spell levels left.
You knew the following spells:

 Your Spells              Type           Power        Failure   Level  Hunger
a - Summon Small Mammal   Summ           ###.         9%          1    #......


Dungeon Overview and Level Annotations

Branches:
Dungeon (4/15)             Temple (1/1) D:4

Altars:
Ashenzari
Cheibriados
Dithmenos
Elyvilon
Fedhas
Gozag
Hepliaklqana
Kikubaaqudgha
Makhleb
Nemelex Xobeh
Okawaru
Qazlal
Ru
Sif Muna
Trog
Vehumet
Wu Jian
Xom
Yredelemnul
Zin
The Shining One

Shops:
D:4 }?

Annotations:
D:1 pUX: minor loot behing lava moat
D:4 Doomer's ghost, novice MiFi


Innate Abilities, Weirdness & Mutations

You have very sharp fingernails.
You are immune to rotting.


Message History

An orc priest comes into view.
It is wielding a flail. 2 orcs come into view.
The orc shouts!
The orc priest shouts!
The hound bites you.
An orc comes into view. It is wielding a morningstar.
Damage: 4 (max 4)
You barely miss the hound. The hound bites you.
The orc priest mumbles some strange prayers to Beogh against you.
Beogh smites you!
The orc moves out of view.
Damage: 8 (max 8) Unknown command.
The hound bites you. The hound closely misses you.
The orc wizard hits you but does no damage.
Found a scroll of identify.
Damage: 1 (max 8)
The orc priest calls down the wrath of Beogh upon you.
Beogh smites you!
* * * LOW HITPOINT WARNING * * *
Damage: 14 (max 14)
The hound bites you but does no damage. The hound closely misses you.
Casting: Summon Small Mammal
Confirm with . or Enter, or press ? or * to list all spells.
The hound bites you but does no damage. The hound bites you but does no damage.
The orc priest looks satisfied for a moment.
Your quokka closely misses the hound.
The hound misses you.
Your quokka bites the hound.
The orc priest hits your quokka with a club.
The hound bites you.
* * * LOW HITPOINT WARNING * * *
Damage: 1 (max 14)
The orc priest casts a cantrip, but nothing happens.
The orc priest miscasts a cantrip.
The orc priest casts a cantrip, but nothing happens.
The hound bites you.
* * * LOW HITPOINT WARNING * * *
Damage: 1 (max 14)
The orc throws a tomahawk.
The tomahawk closely misses your quokka.
The tomahawk misses the hound.
The tomahawk hits you.
* * * LOW HITPOINT WARNING * * *
You see here a tomahawk.
Damage: 4 (max 14)
The orc priest invokes the aid of Beogh against you.
Pain shoots through your body!
* * * LOW HITPOINT WARNING * * *
The hound bites you.
You die...

...W...... ..<.### .#
..o...######## .## ....#.........
...## ..<###############...#
..##### #...<......#
###...#####..........### . #
##....#8.8.8.........#........ #
##.....⌠.⌠...@....#.........?#
#######..8.∩.8...h....##........
..........⌠o⌠..###r.#..........
...[.....8.8.8.#....##.#o... .
..###...............o..# #o#.# #
≈≈≈≈#.........##...oo#####.#.#..#
..#≈#...............o....o.......
...≈...............#o#####o#.####
...≈.....................o.......


You could see a hound, 4 orc priests, an orc wizard, an orc and a friendly
quokka.

Vanquished Creatures
  An orc warrior (D:3)
  A crimson imp (D:3)
  2 hounds (D:4)
  Jessica (D:3)
  Natasha (D:2)
  4 worker ants
  A worker ant zombie (D:4)
  5 adders
  A shadow imp (D:3)
  An ooze (D:1)
  3 worms
  A dart slug (D:1)
  A leopard gecko (D:2)
  9 orcs
  3 ball pythons (D:2)
  7 bats
  5 giant cockroaches
  8 hobgoblins
  11 jackals
  6 kobolds
  A quokka (D:3)
  4 frilled lizards
  10 goblins
  A jackal skeleton (D:4)
  8 rats
96 creatures vanquished.

Vanquished Creatures (collateral kills)
  An orc wizard (D:2)
  An ooze (D:1)
  4 bats
  A giant cockroach (D:1)
  4 jackals (D:1)
  3 kobolds
  A frilled lizard (D:1)
  2 goblins (D:1)
  2 rats (D:1)
19 creatures vanquished.

Vanquished Creatures (others)
  A plant (D:3)
1 creature vanquished.

Grand Total: 116 creatures vanquished

Notes
Turn   | Place    | Note
-------+----------+-------------------------------------------
     0 | D:1      | Gorice the Demonspawn Summoner began the quest for the Orb.
     0 | D:1      | Reached XP level 1. HP: 13/13 MP: 3/3
   343 | D:1      | Gained mutation: You have sharp fingernails. [demonic ancestry]
   343 | D:1      | Reached XP level 2. HP: 15/19 MP: 0/5
   509 | D:1      | HP: 5/19 [bat (1)]
   523 | D:1      | HP: 5/19 [jackal (1)]
   549 | D:1      | HP: 5/19 [jackal (2)]
   557 | D:1      | HP: 4/19 [jackal (1)]
   563 | D:1      | HP: 1/19 [jackal (3)]
   981 | D:1      | Reached skill level 1 in Short Blades
  1161 | D:1      | Reached skill level 1 in Unarmed Combat
  1195 | D:1      | HP: 5/19 [jackal (2)]
  1256 | D:1      | HP: 5/19 [jackal (1)]
  1263 | D:1      | HP: 4/19 [adder (1)]
  1267 | D:1      | Gained mutation: You have very sharp fingernails. [demonic ancestry]
  1267 | D:1      | Reached XP level 3. HP: 6/24 MP: 1/6
  1269 | D:1      | HP: 4/36 [jackal (1)]
  1276 | D:1      | HP: 3/36 [poisoned by an adder]
  1808 | D:1      | HP: 7/24 [poisoned by a goblin]
  1816 | D:1      | HP: 6/24 [poisoned by a goblin]
  2193 | D:2      | Reached skill level 2 in Unarmed Combat
  2639 | D:2      | Reached XP level 4. HP: 30/30 MP: 7/7
  3152 | D:2      | Noticed Natasha
  3169 | D:2      | Killed Natasha
  3169 | D:2      | Reached skill level 3 in Unarmed Combat
  3836 | D:3      | Noticed an orc warrior
  3983 | D:2      | Gained mutation: You are immune to rotting. [demonic ancestry]
  3983 | D:2      | Reached XP level 5. HP: 31/35 MP: 5/8
  4280 | D:3      | Noticed Jessica
  4331 | D:3      | Killed Jessica
  4331 | D:3      | Reached skill level 4 in Unarmed Combat
  4404 | D:3      | Found a glowing golden altar of the Shining One.
  4404 | D:3      | Found a faded altar of an unknown god.
  4409 | D:3      | Found a faded altar of an unknown god.
  4411 | D:3      | Found a shimmering altar of Xom.
  4412 | D:3      | Found a basalt altar of Yredelemnul.
  4542 | D:3      | Killed an orc warrior
  4542 | D:3      | Reached XP level 6. HP: 41/41 MP: 1/9
  4615 | D:3      | Reached skill level 5 in Unarmed Combat
  5041 | D:4      | Found Idex's Magic Scroll Shop.
  5078 | D:4      | Found a staircase to the Ecumenical Temple.
  5086 | D:4      | Noticed Doomer's ghost (novice MiFi)
  5092 | D:4      | Found Sez Wiecs's Gadget Shop.
  5243 | D:3      | HP: 12/41 [poisoned by a worker ant]
  5244 | D:3      | Reached skill level 1 in Armour
  5249 | D:3      | HP: 10/41 [poisoned by a worker ant]
  5254 | D:3      | HP: 9/41 [poisoned by a worker ant]
  5261 | D:3      | HP: 8/41 [poisoned by a worker ant]
  5269 | D:3      | HP: 7/41 [poisoned by a worker ant]
  5772 | Temple   | Entered the Ecumenical Temple
  5906 | Temple   | Became a worshipper of Warmaster Okawaru
  6280 | D:4      | HP: 12/41 [Doomer's ghost (3)]
  6600 | D:4      | Reached XP level 7. HP: 40/46 MP: 10/10
  6668 | D:4      | HP: 1/46 [orc priest/nerve-wracking pain (14)]
  6668 | D:4      | Slain by a hound

Vault maps used:
D:1:      erik_arrival_gehennom
D:2:      small_statue_intersection, grunt_ministairs_2, uniq_natasha
D:3:      chequers_temple_overflow_minitemple, serial_bayou_lake_a, uniq_jessica
D:4:      minmay_temple_entry_water_ring, serial_shops, nicolae_shop_waterfront,
          nicolae_shop_temple_entry_statues_fountains, grunt_decor_one_mirror
Temple:   hc_temple_tempest_star

Skill      XL: |  1  2  3  4  5  6 |
---------------+-------------------+-----
Short Blades   | 1 |  1.0
Unarmed Combat | 1 2 3 4 5 |  5.8
Armour         | 1 |  1.8
Dodging        | |  1.7
Stealth        | |  1.9
Spellcasting   | |  2.0
Summonings     | |  4.3

Action                   |  1- 3 |  4- 6 |  7- 9 || total
-------------------------+-------+-------+-------++-------
Melee: Unarmed           |   197 |   240 |     1 ||   438
       Punch             |     1 |     1 |       ||     2
 Fire: Hunting sling     |       |    12 |       ||    12
Throw: Stone             |     1 |       |       ||     1
 Cast: Summon Small Mamm |    40 |    62 |     1 ||   103
Evoke: Wand              |       |     2 |       ||     2
  Use: Potion            |     2 |       |       ||     2
       Scroll            |     2 |     5 |       ||     7
 Stab: Distracted        |     3 |     1 |       ||     4
       Sleeping          |     1 |     1 |       ||     2
  Eat: Chunk             |     6 |    14 |     1 ||    21
Armor: Robe              |     9 |       |       ||     9
       Ring mail         |   107 |    85 |     4 ||   196
       Skin              |     7 |       |       ||     7
Dodge: Dodged            |   164 |   132 |     3 ||   299

Table legend:
 A = Turns spent in this place as a percentage of turns spent in the entire game.
 B = Non-inter-level travel turns spent in this place as a percentage of non-inter-level travel turns spent in the entire game.
 C = Inter-level travel turns spent in this place as a percentage of turns spent in this place.
 D = Turns resting spent in this place as a percentage of non-inter-level travel turns spent in this place.
 E = Turns spent auto-exploring this place as a percentage of non-inter-level travel turns spent in this place.
 F = Non-inter-level travel turns spent in this place divided by the number of levels of this place that you've seen.
                   A       B       C       D       E      F
               +-------+-------+-------+-------+-------+----------------------
         Total | 100.0 | 100.0 |   0.4 |   3.8 |   4.5 | 453.0
       Dungeon |  95.8 |  95.8 |   0.4 |   3.5 |   4.1 | 542.8
        Temple |   4.2 |   4.2 |   1.1 |  10.6 |  13.8 |  94.0
               +-------+-------+-------+-------+-------+----------------------

Vault maps used:
D:1:      erik_arrival_gehennom
D:2:      small_statue_intersection, grunt_ministairs_2, uniq_natasha
D:3:      chequers_temple_overflow_minitemple, serial_bayou_lake_a, uniq_jessica
D:4:      minmay_temple_entry_water_ring, serial_shops, nicolae_shop_waterfront,
          nicolae_shop_temple_entry_statues_fountains, grunt_decor_one_mirror
Temple:   hc_temple_tempest_star
